 Dungeon Crawl Stone Soup version 0.31.0-32-g396128a36d (webtiles) character file.

Game seed: 1960885953867562301

73007 rinqtmith the Brawler (level 15, -15/121 (123) HPs)
             Began as a Troll Fighter on Apr 5, 2024.
             Was a High Priest of Wu Jian.
             Killed from afar by an orc sorcerer (24 damage)
             ... with a bolt of fire
             ... while paralysed by an orc sorcerer
             ... on level 2 of the Orcish Mines.
             The game lasted 00:51:23 (17249 turns).

rinqtmith the Brawler (Troll Fighter)              Turns: 17249, Time: 00:51:23

HP:   -15/121 (123) AC: 25    Str: 34    XL:     15   Next: 2%
MP:   14/14         EV:  1    Int:  6    God:    Wu Jian [*****.]
Gold: 1275          SH:  0    Dex: 13    Spells: 14/14 levels left

rFire   . .          .
                       - Unarmed
rCold   . . .        b - +0 kite shield
rNeg    + . .        Q - melded +1 robe of Vines {NoPotionHeal Regen++++}
rPois   ∞            h - +2 hat {Will+}
rElec   +            q - +0 cloak
rCorr   .            (gloves unavailable)
SInv    +            (boots unavailable)
Will    ++...        a - amulet of magic regeneration
Stlth   +            v - ring of see invisible
HPRegen 1.20/turn    S - +6 ring of strength
MPRegen 0.54/turn

%: no passive effects
@: paralysed, mighty, exhausted, statue-form, in a heavenly storm, glowing,
lightly drained
A: slow and powerful, torment resistance 1, reduced hp, large, unfitting armour,
claws 3, regeneration 1, (shaggy fur 1), (tough skin 1), (iridescent scales 2),
wild magic 1
a: Begin Untransformation, Renounce Religion, Wall Jump, Serpent's Lash,
Heavenly Storm


You were on level 2 of the Orcish Mines.
You worshipped Wu Jian.
Wu Jian was extremely pleased with you.
You were a living statue of rough stone.
You visited 4 branches of the dungeon, and saw 20 of its levels.
You also visited: Sewer and Volcano.

You collected 1884 gold pieces.
You spent 609 gold pieces at shops.


Innate Abilities, Weirdness & Mutations

You are a living statue of rough stone.
Your actions are slow, but your melee attacks are powerful.
You are resistant to unholy torment.
Your maximum health is decreased, since you lack skill for your form.
Your equipment is partially melded.
You are too large for most types of armour.
You are immune to poison.
You have claws for hands.
Your natural rate of healing is unusually fast.
((You are covered in fur. (AC +1)))
((You have tough skin. (AC +1)))
((You are mostly covered in iridescent scales. (AC +4)))
Your spells are a little harder to cast, but a little more powerful.


   Skills:
 - Level 9.4 Fighting
 - Level 9.4 Dodging
 - Level 10.2 Shields
 - Level 15.1 Unarmed Combat
 + Level 12.4 Shapeshifting


You had 14 spell levels left.
You didn't know any spells.
Your spell library contained the following spells:

 Spells                   Type           Power      Damage    Failure   Level
 Kiss of Death            Conj/Necr      0%         2d5       67%         1
 Magic Dart               Conj           0%         1d3       67%         1
 Necrotise                Necr           0%         1d4       67%         1
 Sting                    Conj/Alch      0%         1d3       67%         1
 Ensorcelled Hibernation  Hex/Ice        0%         N/A       80%         2
 Mercury Vapours          Alch/Air       0%         N/A       80%         2
 Searing Ray              Conj           0%         2d4       80%         2
 Static Discharge         Conj/Air       0%         3-3/arc   80%         2
 Confusing Touch          Hex            0%         N/A       95%         3
 Frozen Ramparts          Ice            0%         1d1       95%         3
 Hailstorm                Conj/Ice       0%         3d5       95%         3
 Passwall                 Erth           0%         N/A       95%         3
 Summon Ice Beast         Ice/Summ       0%         N/A       95%         3
 Swiftness                Air            0%         N/A       95%         3
 Vampiric Draining        Necr           0%         2d6       95%         3
 Airstrike                Air            0%         2d(0-16)  100%        4
 Dispel Undead            Necr           0%         3d6       100%        4
 Fulminant Prism          Conj/Alch      0%         3d5       100%        4
 Leda's Liquefaction      Alch/Erth      0%         N/A       100%        4
 Martyr's Knell           Necr/Summ      0%         N/A       100%        4
 Olgreb's Toxic Radiance  Alch           0%         N/A       100%        4
 Petrify                  Alch/Erth      0%         N/A       100%        4
 Summon Blazeheart Golem  Fire/Summ      0%         N/A       100%        4
 Summon Lightning Spire   Summ/Air       0%         N/A       100%        4
 Curse of Agony           Necr           0%         N/A       100%        5
 Metabolic Englaciation   Hex/Ice        0%         N/A       100%        5
 Sculpt Simulacrum        Ice/Alch       0%         N/A       100%        6
 Orb of Destruction       Conj           0%         9d5       100%        7
 Spellforged Servitor     Conj/Summ      0%         N/A       100%        7

Inventory:

Missiles
 o - 2 javelins (quivered)
 z - 9 large rocks {=f}
Armour
 b - a +0 kite shield (worn)
 h - a +2 hat of willpower (worn)
   (You took it off Gastronok on level 1 of the Lair of Beasts)
 q - a +0 cloak (worn)
   (You found it on level 12 of the Dungeon)
 w - a +2 robe of cold resistance
   (You found it on level 4 of the Dungeon)
 Q - the +1 robe of Vines (melded) {NoPotionHeal Regen++++}
   (You found it on level 1 of the Lair of Beasts)

   NoPotionHeal: Its wearer cannot be healed by potions.
   Regen++++: It increases your rate of health regeneration.
 X - +0 acid dragon scales
   (You found it on level 11 of the Dungeon)
Magical Staves
 E - a staff of earth {!a}
   (You found it on level 6 of the Dungeon)
Jewellery
 a - an amulet of magic regeneration (around neck)
   (You found it on level 5 of the Dungeon)
 v - a ring of see invisible (left claw)
   (You found it on level 1 of the Dungeon)
 L - a ring of flight
   (You found it on level 3 of the Dungeon)
 N - a ring of positive energy
   (You found it on level 12 of the Dungeon)
 O - a +4 ring of protection
   (You found it on level 1 of the Dungeon)
 R - a ring of resist corrosion
   (You found it on level 1 of the Dungeon)
 S - a +6 ring of strength (right claw)
   (You found it on level 7 of the Dungeon)
Talismans
 T - a granite talisman (active)
   (You found it on level 3 of the Lair of Beasts)
Wands
 C - a wand of light (36)
   (You took it off an orc on level 6 of the Dungeon)
 F - a wand of roots (17)
   (You found it on level 7 of the Dungeon)
 G - a wand of paralysis (4)
   (You took it off Maggie on level 7 of the Dungeon)
 M - a wand of flame (10)
   (You found it on level 11 of the Dungeon)
Scrolls
 d - 3 scrolls of enchant armour
 g - 4 scrolls of blinking {!r}
 j - 2 scrolls of torment {unknown}
 k - a scroll of fog {unknown}
 m - 3 scrolls of silence {!r}
 n - 4 scrolls of fear
 r - 4 scrolls of revelation
 s - 2 scrolls of amnesia
 t - a scroll of vulnerability {unknown}
 x - 2 scrolls of enchant weapon {unknown}
 y - a scroll of butterflies {unknown}
 A - 5 scrolls of teleportation {@r4}
 U - a scroll of poison {unknown}
Potions
 c - 5 potions of attraction {!q}
 e - a potion of magic
 f - 4 potions of might
 i - 6 potions of brilliance
 l - 3 potions of heal wounds {@q2}
 p - a potion of enlightenment
 u - 8 potions of cancellation
 B - 2 potions of berserk rage {!q}
 D - 8 potions of curing {@q1}
 H - 2 potions of resistance
 J - a potion of invisibility
 P - 2 potions of ambrosia
 V - 3 potions of mutation {!q}
 W - 2 potions of haste {@q3}
Miscellaneous
 I - a phantom mirror
   (You found it on level 5 of the Lair of Beasts)
 K - a box of beasts
   (You found it on level 10 of the Dungeon)

Dungeon Overview and Level Annotations

Branches:
Dungeon (12/15) Zot: 26247  Temple (1/1) D:6 Zot: 5962    Lair (5/5) D:11 Zot: 24621
 Shoals (0/4) Lair:2       Spider (0/4) Lair:2        Slime (0/5) Lair:4
    Orc (2/2) D:9 Zot: 10302     Elf (0/3) Orc:2         Sewer (visited)
Volcano (visited)

Altars:
Ashenzari
Cheibriados
Dithmenos
Elyvilon
Fedhas
Gozag
Hepliaklqana
Kikubaaqudgha
Makhleb
Nemelex Xobeh
Okawaru
Qazlal
Ru
Sif Muna
Trog
Uskayaw
Vehumet
Wu Jian
Xom
Yredelemnul
Zin
The Shining One
Jiyva

Shops:
D:5 !   D:7 (   Orc:1 *   Orc:2 (!?

Annotations:
Lair:5 exclusion: oklob plant

##...........## #8...8# ##.#
##............###O.).)###..#
#.........#.....##))'##...##
...#.....#....#....)....###
#.......###..###..8.8)...##
#...#....#......○O........#
#...#...#.....°§oooo.....#####
#..#...###.#..☼oooo°###..###.##
...##.## ####.°o8oo○#∩'.#.#...#
#..##.## #....°§°°o.###......##
#......# #..#####§§°°........#
##.##.####.##...##..#.....#..##
.####.###..#.._..#........#...#
.###...#...#..8..#..#..#......#
.#..#..#...#...).#..#####.##.##
...........##.))##.####.######
.#.......#..###'#..#
#...########


You could see an orc sorcerer (strong), 4 orc warriors, an orc priest (strong),
2 orc wizards and 3 orcs.


Message History

You now have 111 max hp (-2).
You take 35 damage, and now have 72/111 hp.
MASSIVE DAMAGE!! (PAUSE)
You spin and attack the soul eater.
You eviscerate the soul eater!!!
You kill the soul eater!
The soul eater disappears in a puff of smoke!
You block the orc sorcerer's attack.
The orc warlord roars a battlecry!
The orcs go into a battle-frenzy! 😮 HP[+1]
You spin and attack the orc warlord.
You completely miss the orc warlord.
You spin and attack the orc sorcerer.
You barely miss the orc sorcerer.
The orc warlord roars a battlecry!
An orc priest comes into view.
It is wielding a +0 dagger. 😮 HP[+2] MP[+1]
You regained 2 hp, and now have 75/111 hp.
Your mp is fully restored (13).
You spin and attack the orc sorcerer.
You barely miss the orc sorcerer. The ice devil hits you.
The ice devil freezes you!!
* * * LOW HITPOINT WARNING * * *
The orc priest moves out of view. 😨 HP[-24]
You take 24 damage, and now have 51/111 hp.
MASSIVE DAMAGE!! (PAUSE)
Your muscles tense, ready for explosive movement...
You scratch the ice devil. The orc sorcerer casts a spell at you.
The bolt of fire misses you.
You block the ice devil's attack. 😨 HP[+1]
You eviscerate the ice devil!!!
You kill the ice devil!
The ice devil disappears in a puff of smoke!
The orc warrior misses you. The orc sorcerer casts a spell at you.
You resist with almost no effort. You block the orc sorcerer's attack.
The orc warlord misses you. 😨 HP[+2]
You regained 2 hp, and now have 54/111 hp.
You spin and attack the orc sorcerer, with incredible momentum.
You claw the orc sorcerer!
You spin and attack the orc sorcerer, with incredible momentum.
You eviscerate the orc sorcerer!!!!
You blow up the orc sorcerer!
The Council accepts your kill.
Your supernatural speed expires.
You have reached level 15!
Your experience leads to an increase in your attributes!
Your base attributes are Str 27, Int 4, Dex 13.
Increase (S)trength, (I)ntelligence, or (D)exterity?
You feel clever. x2; You feel stronger. 😨 HP[+3] MP[+1]
You now have 119 max hp (+8).
You regained 3 hp, and now have 57/119 hp.
Your mp is fully restored (14).
You lunge at the orc.
You eviscerate the orc!!!!
You kill the orc!
The Council accepts your kill.
You spin and attack the orc warlord.
You eviscerate the orc warlord!!!
You spin and attack the orc warrior.
You eviscerate the orc warrior!!!
You kill the orc warrior!
The Council accepts your kill. The orc sorcerer closely misses you.
You block the orc warrior's attack.
The orc warlord hits you with a +0 battleaxe!
* * * LOW HITPOINT WARNING * * *
You block the orc warrior's attack.
The orc sorcerer gestures at you while chanting.
The bolt of negative energy hits you. You partially resist.
You feel drained.
* * * LOW HITPOINT WARNING * * *
😨 HP[-9]
You now have 118 max hp (-1).
You take 9 damage, and now have 48/118 hp.
You spin and attack the orc warlord repeatedly.
You claw the orc warlord! You eviscerate the orc warlord!!!
You kill the orc warlord!
The Council accepts your kill.
You spin and attack the orc warrior.
You claw the orc warrior!
The orc no longer looks unusually strong.
The orc sorcerer casts a spell at you.
You suddenly lose the ability to move!
The orc warrior hits you with a +0 war axe!
* * * LOW HITPOINT WARNING * * *
The orc warrior hits you with a +0 flail.
* * * LOW HITPOINT WARNING * * *
The orc hits you but does no damage.
The orc warrior hits you with a +0 flail!
* * * LOW HITPOINT WARNING * * *
The orc hits you but does no damage.
The orc warrior hits you but does no damage.
The orc warrior hits you with a +0 flail!
* * * LOW HITPOINT WARNING * * *
The orc sorcerer hits you but does no damage.
The orc hits you but does no damage.
The orc warrior hits you with a +0 war axe.
* * * LOW HITPOINT WARNING * * *
The orc no longer looks unusually strong.
The orc warrior hits you but does no damage.
The orc sorcerer points at you and mumbles some strange words.
The bolt of fire hits you!!
You die...

Skill      XL: |  1  2  3  4  5  6  7  8  9 10 11 12 13 14 |
---------------+-------------------------------------------+-----
Shields        | 3 4 5 6 7 8 9 10 | 10.2
Unarmed Combat | 3 4 5 6 7 9 11 12 14 15 | 15.1
Dodging        | 3 4 5 6 7 8 9 |  9.4
Fighting       | 3 4 5 6 7 8 9 |  9.4
Shapeshifting  | 6 12 | 12.4

Action                     |  1- 3 |  4- 6 |  7- 9 | 10-12 | 13-15 || total
---------------------------+-------+-------+-------+-------+-------++-------
  Melee: Unarmed           |    93 |   187 |   376 |   466 |   870 ||  1992
         Kick              |       |       |     3 |       |       ||     3
  Throw: Javelin           |       |     2 |       |       |       ||     2
 Invoke: Serpent's Lash    |       |       |       |       |     2 ||     2
         Heavenly Storm    |       |       |       |       |     3 ||     3
Ability: Lunge             |       |       |     8 |    42 |    60 ||   110
         Whirlwind         |       |       |       |    55 |   140 ||   195
         Wall Jump         |       |       |       |       |     1 ||     1
  Evoke: Wand              |       |       |       |     8 |     4 ||    12
         Box of beasts     |       |       |       |     1 |     1 ||     2
    Use: Potion            |       |     1 |    10 |     5 |     6 ||    22
         Scroll            |       |       |     4 |     4 |    10 ||    18
   Stab: Sleeping          |     1 |       |       |     1 |       ||     2
         Paralysed         |       |       |       |     9 |     3 ||    12
 Armour: Robe              |    38 |    85 |   228 |   174 |   533 ||  1058
         Acid dragon scale |       |       |       |   108 |       ||   108
         Skin              |       |       |       |       |    51 ||    51
  Dodge: Dodged            |    31 |    57 |   153 |   149 |   384 ||   774
  Block: Kite shield       |    28 |    76 |   198 |   185 |   497 ||   984
   Form: Statue            |       |       |       |       |     1 ||     1

Levels and vault maps discovered:
D:1:      minmay_arrival_loop, layout_rooms, minmay_domino_2
D:2:      cheibrodos_helix_gallery, layout_basic, basic_altar
D:3:      lemuel_castle_with_subvaults [lemuel_castle_interior_carwin_1],
          layout_loops_ring, mainiacjoe_overflow_brackets
D:4:      layout_loops_corners, trog_ov_bears_minmay, gammafunk_ghost_mausoleum,
          lemuel_flame_loot_1
D:5:      nicolae_cairo_tiling_very_big, layout_loops_ring, okawaru_trees_1,
          serial_shops, shop, gup_sewer_entry_bubbles
D:6:      layout_loops_ring, minmay_temple_entry_overgrown, uniq_edmund,
          uniq_menkaure
D:7:      layout_cave_pools, kennysheep_mini,
          mainiacjoe_overflow_six_doors_small, serial_shops,
          nicolae_shop_tiny_waterfront, uniq_maggie
D:8:      layout_basic, gammafunk_temple_overflow_wave, bloody_makhleb
D:9:      nicolae_whirlpool, layout_cave_pools, david_orc_3
D:10:     layout_basic, mainiacjoe_overflow_alcove_4,
          mainiacjoe_overflow_alcove_1, roderic_lattice_a, minmay_diamond_spiral
D:11:     layout_stronghold, erik_lair_orcish_takeover, hangedman_ranch,
          uniq_snorg
D:12:     layout_loops_ring, serial_bayou_pond_d, uniq_azrael
Temple:   nicolae_temple_bog_church
Lair:1:   layout_regular_city, serial_rivers, chequers_serial_rivers_micro_d,
          chequers_serial_rivers_large_b, chequers_serial_rivers_small_a,
          chequers_serial_rivers_micro_c, chequers_serial_rivers_micro_b,
          chequers_serial_rivers_micro_a, hellmonk_guarded_unrand_vines,
          uniq_gastronok
Lair:2:   dreamdust_cave_troll, layout_cave_pods,
          mainiacjoe_shoals_entry_four_pools, nicolae_spider_entry_tight_spaces,
          serial_bayou_shore_b, grunt_megastairs_4
Lair:3:   layout_misc_corridors, serial_bayou_shore_b, lemuel_fruit_tree,
          uniq_rupert
Lair:4:   layout_cave_pods, nicolae_slime_entry_field_trip,
          grunt_forest_large_clearings
Lair:5:   grunt_lair_end_beastmaster, layout_long_grid, tgw_fedhas
Orc:1:    layout_caves, nicolae_volcano_entry_two_sided, serial_shops,
          nicolae_shop_hallway_plus
Orc:2:    grunt_orc_community_town_hall, layout_caves,
          grunt_orc_community_big_house_1, grunt_orc_community_big_house_1,
          grunt_orc_community_house_1, grunt_orc_community_house_1,
          grunt_orc_community_house_3, grunt_orc_community_house_3,
          grunt_orc_community_house_3, serial_shops, nicolae_shop_tiny_glass,
          uniq_sonja

Notes
Turn   | Place    | Note
-------+----------+-------------------------------------------
     0 | D:1      | rinqtmith the Troll Fighter began the quest for the Orb.
     0 | D:1      | Reached XP level 1. HP: 22/22 MP: 0/0
     0 | D:1      | magus.rc [v1.11.6]
    74 | D:1      | Reached XP level 2. HP: 29/29 MP: 1/1
   216 | D:1      | Reached skill level 3 in Shields
   216 | D:1      | Reached XP level 3. HP: 36/36 MP: 2/2
   799 | D:2      | Reached skill level 3 in Unarmed Combat
   842 | D:2      | Found an opulent altar of Gozag.
   967 | D:2      | Reached XP level 4. HP: 44/44 MP: 3/3
  1377 | D:3      | Identified the +0 pair of gloves of the Fife {Str+2 Dex+3}
  1454 | D:3      | Reached skill level 3 in Dodging
  1475 | D:3      | Found an opulent altar of Gozag.
  1631 | D:3      | Reached skill level 3 in Fighting
  1646 | D:3      | Reached XP level 5. HP: 53/53 MP: 4/4
  1777 | D:3      | Reached skill level 4 in Unarmed Combat
  1818 | D:3      | Reached XP level 6. HP: 61/61 MP: 5/5
  2046 | D:3      | Reached skill level 4 in Shields
  2053 | D:3      | Reached skill level 5 in Unarmed Combat
  2053 | D:3      | Reached XP level 7. HP: 56/68 MP: 6/6
  2251 | D:3      | Identified the +3 scale mail of Galoenk {Int+5}
  2452 | D:4      | Found a transporter.
  2452 | D:4      | Noticed diceflayer's ghost (amateur DsGl)
  2628 | D:4      | Reached skill level 4 in Dodging
  2706 | D:4      | You add the spells Sting, Mercury Vapours and Olgreb's
                  | Toxic Radiance to your library.
  2733 | D:4      | Reached skill level 4 in Fighting
  2759 | D:4      | Reached skill level 6 in Unarmed Combat
  2762 | D:4      | You add the spells Ensorcelled Hibernation, Swiftness and
                  | Passwall to your library.
  3100 | D:4      | Found a bloodstained altar of Trog.
  3115 | D:4      | Reached XP level 8. HP: 53/78 MP: 7/7
  3336 | D:4      | Found a transporter.
  3362 | D:4      | HP: 17/79 [wyvern zombie (11)]
  3366 | D:4      | Gained mutation: You are frail. (-10% HP) [potion of
                  | mutation]
  3366 | D:4      | Gained mutation: You are vulnerable to heat. (rF-) [potion
                  | of mutation]
  3366 | D:4      | Gained mutation: You have sharp toenails. [potion of
                  | mutation]
  3368 | D:4      | HP: 13/71 [diceflayer's ghost (1)]
  3373 | D:4      | HP: 3/71 [diceflayer's ghost (11)]
  3378 | D:4      | Killed diceflayer's ghost
  3382 | D:4      | Reached skill level 5 in Shields
  3395 | D:4      | Lost mutation: You are frail. (-10% HP) [potion of
                  | mutation]
  3395 | D:4      | Lost mutation: You have sharp toenails. [potion of
                  | mutation]
  3395 | D:4      | Gained mutation: You occasionally lose the ability to drink
                  | potions when taking damage. [potion of mutation]
  3396 | D:4      | Lost mutation: You occasionally lose the ability to drink
                  | potions when taking damage. [potion of mutation]
  3396 | D:4      | Lost mutation: You are vulnerable to heat. (rF-) [potion of
                  | mutation]
  3396 | D:4      | Gained mutation: You heal very quickly. [potion of
                  | mutation]
  3396 | D:4      | Gained mutation: You are strong-willed. (Will+) [potion of
                  | mutation]
  3396 | D:4      | Gained mutation: You are agile. (Dex +4, Str/Int -1)
                  | [potion of mutation]
  3396 | D:4      | Lost intelligence.
  3396 | D:4      | Gained mutation: Your muscles are strong. (Str +4, Int/Dex
                  | -1) [potion of mutation]
  3436 | D:5      | Entered Level 5 of the Dungeon
  3450 | D:5      | Found an iron altar of Okawaru.
  3498 | D:5      | Reached skill level 7 in Unarmed Combat
  3746 | D:5      | Found a glowing drain.
  3767 | Sewer    | Entered a sewer
  4069 | D:5      | Lost mutation: Your muscles are strong. (Str +4, Int/Dex
                  | -1) [potion of mutation]
  4069 | D:5      | Lost mutation: You are strong-willed. (Will+) [potion of
                  | mutation]
  4069 | D:5      | Lost mutation: You are agile. (Dex +4, Str/Int -1) [potion
                  | of mutation]
  4069 | D:5      | Gained mutation: You are frail. (-10% HP) [potion of
                  | mutation]
  4069 | D:5      | Gained mutation: A frigid envelope surrounds you and
                  | freezes all who hurt you. [potion of mutation]
  4069 | D:5      | Gained mutation: You have a pair of small horns on your
                  | head. [potion of mutation]
  4069 | D:5      | Gained mutation: You passively map a small area around you.
                  | [potion of mutation]
  4070 | D:5      | Lost mutation: You are frail. (-10% HP) [potion of
                  | mutation]
  4070 | D:5      | Lost mutation: You have a pair of small horns on your head.
                  | [potion of mutation]
  4070 | D:5      | Gained mutation: You have a pair of small antennae on your
                  | head. [potion of mutation]
  4070 | D:5      | Lost mutation: You heal very quickly. [potion of mutation]
  4070 | D:5      | Gained mutation: Your muscles are strong. (Str +4, Int/Dex
                  | -1) [potion of mutation]
  4155 | D:5      | You add the spells Kiss of Death, Confusing Touch and
                  | Dispel Undead to your library.
  4254 | D:5      | Found Rilih's Distillery.
  4264 | D:5      | Bought a potion of mutation for 96 gold pieces
  4331 | D:5      | Reached skill level 5 in Dodging
  4331 | D:5      | Reached XP level 9. HP: 87/87 MP: 8/8
  4646 | D:6      | Noticed Edmund
  4659 | D:6      | Killed Edmund
  4660 | D:6      | Reached skill level 5 in Fighting
  4695 | D:6      | Noticed Menkaure
  4700 | D:6      | Killed Menkaure
  4701 | D:6      | Reached skill level 8 in Unarmed Combat
  4758 | D:6      | Found a staircase to the Ecumenical Temple.
  4768 | Temple   | Entered the Ecumenical Temple
  4787 | Temple   | Became a worshipper of the Wu Jian Council
  5348 | D:7      | Found Daaf's Weapon Shoppe.
  5452 | D:7      | Reached skill level 6 in Shields
  5528 | D:7      | Found a blossoming altar of Fedhas.
  5598 | D:7      | Noticed Maggie
  5611 | D:7      | Paralysed by Maggie for 5 turns
  5616 | D:7      | Killed Maggie
  5616 | D:7      | Reached * piety under Wu Jian
  5617 | D:7      | Reached skill level 9 in Unarmed Combat
  5707 | D:7      | Found a hazy altar of Hepliaklqana.
  6003 | D:8      | Reached XP level 10. HP: 80/98 MP: 9/9
  6029 | D:8      | Found a burning altar of Makhleb.
  6042 | D:8      | Reached skill level 6 in Dodging
  6055 | D:8      | Reached skill level 6 in Fighting
  6084 | D:8      | Identified the +8 shortbow of the Changing Wolf {antimagic,
                  | rElec}
  6134 | D:8      | Identified the serpent talisman of Pantheism {rF+}
  6456 | D:8      | Found a hide-covered altar of Uskayaw.
  6456 | D:8      | Found a shimmering altar of Xom.
  6544 | D:9      | Reached skill level 10 in Unarmed Combat
  6567 | D:9      | Reached ** piety under Wu Jian
  6572 | D:9      | HP: 18/98 [wyvern (17)]
  6572 | D:9      | HP: 1/98 [wyvern (17)]
  6806 | D:9      | Reached skill level 7 in Shields
  6851 | D:9      | You add the spells Necrotise, Vampiric Draining, Martyr's
                  | Knell and Curse of Agony to your library.
  6925 | D:9      | Found a staircase to the Orcish Mines.
  7126 | D:10     | Entered Level 10 of the Dungeon
  7295 | D:10     | Noticed a tengu warrior
  7298 | D:10     | Noticed an ogre mage
  7299 | D:10     | Killed a tengu warrior
  7300 | D:10     | Reached skill level 11 in Unarmed Combat
  7303 | D:10     | Killed an ogre mage
  7304 | D:10     | Reached XP level 11. HP: 94/107 MP: 10/10
  7328 | D:10     | You add the spells Summon Blazeheart Golem, Orb of
                  | Destruction and Spellforged Servitor to your library.
  7482 | D:10     | Reached skill level 7 in Fighting
  7482 | D:10     | Reached skill level 7 in Dodging
  7537 | D:10     | Found a glowing silver altar of Zin.
  7566 | D:10     | Found a sacrificial altar of Ru.
  7720 | D:10     | Noticed an orc knight
  7741 | D:10     | Killed an orc knight
  7801 | D:10     | You add the spells Magic Dart, Searing Ray and Fulminant
                  | Prism to your library.
  8073 | D:11     | You add the spells Frozen Ramparts, Leda's Liquefaction,
                  | Petrify and Metabolic Englaciation to your library.
  8145 | D:11     | Found a staircase to the Lair.
  8152 | D:11     | Reached skill level 8 in Shields
  8152 | D:11     | Reached *** piety under Wu Jian
  8161 | D:11     | Noticed Snorg
  8173 | D:11     | Killed Snorg
  8175 | D:11     | Reached skill level 12 in Unarmed Combat
  8299 | D:11     | You add the spells Hailstorm, Summon Ice Beast and Sculpt
                  | Simulacrum to your library.
  8317 | D:11     | Noticed a two-headed ogre
  8320 | D:11     | Noticed a two-headed ogre
  8324 | D:11     | Killed a two-headed ogre
  8331 | D:11     | Killed a two-headed ogre
  8397 | D:11     | You add the spells Static Discharge, Airstrike and Summon
                  | Lightning Spire to your library.
  8735 | D:11     | Noticed a three-headed hydra
  8742 | D:11     | Killed a seven-headed hydra
  9043 | Lair:1   | Entered Level 1 of the Lair of Beasts
  9054 | Lair:1   | Reached XP level 12. HP: 111/119 MP: 11/11
  9056 | Lair:1   | Lost mutation: A frigid envelope surrounds you and freezes
                  | all who hurt you. [potion of mutation]
  9056 | Lair:1   | Lost mutation: Your muscles are strong. (Str +4, Int/Dex
                  | -1) [potion of mutation]
  9056 | Lair:1   | Lost mutation: You have a pair of small antennae on your
                  | head. [potion of mutation]
  9056 | Lair:1   | Gained mutation: You are occasionally teleported next to
                  | monsters. [potion of mutation]
  9056 | Lair:1   | Gained mutation: You are weak. (Str -2) [potion of
                  | mutation]
  9057 | Lair:1   | Lost mutation: You are occasionally teleported next to
                  | monsters. [potion of mutation]
  9057 | Lair:1   | Lost mutation: You are weak. (Str -2) [potion of mutation]
  9057 | Lair:1   | Lost mutation: You passively map a small area around you.
                  | [potion of mutation]
  9057 | Lair:1   | Gained mutation: You are partially covered in iridescent
                  | scales. (AC +2) [potion of mutation]
  9057 | Lair:1   | Gained mutation: Your spells are a little harder to cast,
                  | but a little more powerful. [potion of mutation]
  9057 | Lair:1   | Gained mutation: You are mostly covered in iridescent
                  | scales. (AC +4) [potion of mutation]
  9097 | Lair:1   | Noticed Gastronok
  9110 | Lair:1   | Killed Gastronok
  9111 | Lair:1   | Reached skill level 8 in Fighting
  9111 | Lair:1   | Reached skill level 8 in Dodging
  9139 | Lair:1   | You fall into a shaft and drop 1 floor!
  9144 | Lair:2   | Reached skill level 13 in Unarmed Combat
  9304 | Lair:2   | Found a hole to the Spider Nest.
  9345 | Lair:2   | Reached **** piety under Wu Jian
  9352 | Lair:2   | Reached skill level 9 in Shields
  9746 | Lair:1   | Noticed a five-headed hydra
  9746 | Lair:1   | Noticed a four-headed hydra
  9755 | Lair:1   | Killed an eight-headed hydra
  9771 | Lair:1   | Killed a 13-headed hydra
  9837 | Lair:1   | Found the +1 robe of Vines {NoPotionHeal Regen++++}
  9884 | Lair:1   | Reached skill level 14 in Unarmed Combat
 10886 | Lair:2   | Reached XP level 13. HP: 130/130 MP: 12/12
 11298 | Lair:2   | Reached skill level 9 in Fighting
 11314 | Lair:2   | Reached skill level 9 in Dodging
 11316 | Lair:2   | Reached ***** piety under Wu Jian
 11328 | Lair:2   | Found a staircase to the Shoals.
 11599 | Lair:2   | Reached skill level 10 in Shields
 11711 | Lair:3   | Reached skill level 15 in Unarmed Combat
 12047 | Lair:3   | Noticed Rupert
 12072 | Lair:3   | Killed Rupert
 12073 | Lair:3   | Reached skill level 2 in Shapeshifting
 12277 | Lair:3   | Reached skill level 3 in Shapeshifting
 12314 | Lair:3   | Reached skill level 4 in Shapeshifting
 12531 | Lair:4   | Reached skill level 5 in Shapeshifting
 12726 | Lair:4   | Found a staircase to the Slime Pits.
 12749 | Lair:4   | Found a viscous altar of Jiyva.
 13235 | Lair:5   | Entered Level 5 of the Lair of Beasts
 13267 | Lair:5   | Reached skill level 6 in Shapeshifting
 13297 | Lair:5   | HP: 28/131 [cane toad (11)]
 13298 | Lair:5   | Reached XP level 14. HP: 25/140 MP: 13/13
 13401 | Lair:5   | Reached skill level 7 in Shapeshifting
 13590 | Lair:5   | Reached skill level 8 in Shapeshifting
 13644 | Lair:5   | Identified the +11 flail of the Chickpea {vamp, *Corrode
                  | rPois rF+ rN+++}
 13935 | Lair:5   | Found a blossoming altar of Fedhas.
 14065 | Lair:5   | Reached skill level 9 in Shapeshifting
 14567 | D:12     | Noticed Azrael
 14586 | D:12     | Killed Azrael
 14832 | D:12     | Reached skill level 10 in Shapeshifting
 15311 | Orc:1    | Entered Level 1 of the Orcish Mines
 15319 | Orc:1    | Found Neunuana's General Store.
 15402 | Orc:1    | Found a dark tunnel.
 15408 | Volcano  | Entered a volcano
 15766 | Volcano  | Found a bloodstained altar of Trog.
 15777 | Volcano  | Reached skill level 11 in Shapeshifting
 15981 | Orc:1    | Bought a scroll of identify for 30 gold pieces
 15981 | Orc:1    | Bought a potion of curing for 45 gold pieces
 16140 | Orc:1    | Reached ****** piety under Wu Jian
 16292 | Orc:2    | Entered Level 2 of the Orcish Mines
 16301 | Orc:2    | Noticed Sonja
 16324 | Orc:2    | Killed Sonja
 16582 | Orc:2    | Found Huqel's Distillery.
 16589 | Orc:2    | Reached skill level 12 in Shapeshifting
 16602 | Orc:2    | Bought a potion of heal wounds for 60 gold pieces
 16602 | Orc:2    | Bought a potion of invisibility for 96 gold pieces
 16602 | Orc:2    | Bought a potion of mutation for 96 gold pieces
 16602 | Orc:2    | Bought a potion of curing for 36 gold pieces
 16602 | Orc:2    | Bought a potion of curing for 36 gold pieces
 16756 | Orc:2    | Found Pyilur's Magic Scroll Emporium.
 16778 | Orc:2    | Bought a scroll of identify for 24 gold pieces
 16778 | Orc:2    | Bought a scroll of blinking for 90 gold pieces
 16838 | Orc:2    | Found a staircase to the Elven Halls.
 17042 | Orc:2    | Found Kanuf's Weapon Boutique.
 17224 | Orc:2    | Noticed an orc warlord
 17244 | Orc:2    | Reached XP level 15. HP: 57/146 MP: 14/14
 17245 | Orc:2    | Paralysed by an orc sorcerer for 5 turns
 17247 | Orc:2    | HP: 22/121 [orc warrior/+0 flail[an orc warlord] (12)]
 17248 | Orc:2    | HP: 7/121 [orc warrior/+0 war axe (4)]
 17249 | Orc:2    | Killed from afar by an orc sorcerer

Vanquished Creatures
  Rupert (Lair:3)
  Gastronok (Lair:1)
  An orc warlord (Orc:2)
  Azrael (D:12)
  Snorg (D:11)
  5 hydras
  An ogre mage (D:10)
  A catoblepas (Lair:5)
  3 two-headed ogres
  11 death yaks
  A centaur warrior (Volcano)
  A boulder beetle (D:12)
  An orc high priest (Orc:2)
  A tengu warrior (D:10)
  A deep troll shaman (Lair:5)
  Sonja (Orc:2)
  A hell knight (Volcano)
  A deep troll (Lair:2)
  3 orc knights
  2 deep elf pyromancers (D:12)
  4 orc sorcerers (Orc:2)
  An oklob plant (Lair:1)
  2 cyclopes
  A manticore (D:12)
  3 black mambas
  14 elephants
  2 kobold blastminers (Orc:1)
  2 molten gargoyles (Volcano)
  A gargoyle (D:11)
  11 cane toads
  2 unseen horrors
  Maggie (D:7)
  2 yaktaurs (Volcano)
  8 komodo dragons
  5 rime drakes
  3 merfolk (Lair:2)
  6 trolls
  2 polar bears
  20 blink frogs
  7 dream sheep
  A spriggan (Lair:3)
  3 slime creatures (D:12)
  3 wraiths
  6 jumping spiders (Lair:2)
  5 wyverns
  2 fire bats (Volcano)
  4 fire elementals (D:12)
  6 basilisks
  33 yaks
  2 redbacks (Lair:2)
  2 steam dragons
  The ghost of diceflayer the Slasher, an amateur DsGl (D:4)
  Edmund (D:6)
  Menkaure (D:6)
  4 wargs
  2 acid dragons
  13 water moccasins
  2 hell hounds (D:12)
  20 orc warriors
  2 sky beasts
  6 black bears
  A crocodile (Sewer)
  24 wolves
  5 ogres
  7 centaurs
  3 phantoms
  7 kobold brigands
  A gnoll sergeant (D:11)
  A necrophage (D:4)
  2 scorpions
  10 bullfrogs
  A wyvern zombie (D:4)
  12 wights
  17 killer bees
  7 howler monkeys
  7 lava snakes (Volcano)
  10 hounds
  5 jellies
  A centaur skeleton (D:4)
  A gnoll bouda (D:6)
  20 orc priests
  A bullfrog skeleton (D:4)
  2 iguanas
  A sleepcap (D:8)
  17 orc wizards
  35 gnolls
  10 adders
  2 river rats
  2 shadow imps
  A white imp (D:7)
  7 ribbon worms
  2 dart slugs
  101 orcs
  10 bats
  10 endoplasms
  2 giant cockroaches
  6 goblins
  6 hobgoblins
  9 jackals (D:3)
  17 kobolds
  11 quokkas
  14 ball pythons
  3 frilled lizards
  6 rats
672 creatures vanquished.

Vanquished Creatures (collateral kills)
  A hydra (Lair:1)
1 creature vanquished.

Vanquished Creatures (others)
  2 giant cockroaches (D:4)
2 creatures vanquished.

Grand Total: 675 creatures vanquished

Table legend:
 A = Non-vault XP
 B = Vault XP
 C = Vault XP percentage of total XP
 D = Non-vault monster count
 E = Vault monster count
 F = Vault count percentage of total count
                 A         B        C        D         E       F
            +---------+---------+-------+---------+---------+-------
      Total |   63524 |   40772 |  39.1 |     419 |     254 |  37.7
            +---------+---------+-------+---------+---------+-------
        D:1 |      60 |       2 |   3.2 |      34 |       1 |   2.9
        D:2 |      91 |       7 |   7.1 |      21 |       2 |   8.7
        D:3 |     131 |     686 |  84.0 |      19 |      55 |  74.3
        D:4 |     351 |     683 |  66.1 |      19 |       7 |  26.9
        D:5 |     315 |      52 |  14.2 |      15 |       8 |  34.8
        D:6 |     588 |     338 |  36.5 |      17 |       2 |  10.5
        D:7 |     874 |     385 |  30.6 |      18 |       1 |   5.3
        D:8 |    2031 |       0 |   0.0 |      24 |       0 |   0.0
        D:9 |    1580 |     432 |  21.5 |      16 |      10 |  38.5
       D:10 |    2972 |    2480 |  45.5 |      23 |       4 |  14.8
       D:11 |    3966 |    3204 |  44.7 |      19 |      16 |  45.7
       D:12 |    6506 |    2048 |  23.9 |      21 |       7 |  25.0
     Lair:1 |    4536 |    3782 |  45.5 |      20 |       4 |  16.7
     Lair:2 |   10696 |    5149 |  32.5 |      28 |      21 |  42.9
     Lair:3 |    9163 |    2143 |  19.0 |      29 |       3 |   9.4
     Lair:4 |    6575 |     893 |  12.0 |      26 |       8 |  23.5
     Lair:5 |    5925 |    8445 |  58.8 |      22 |      15 |  40.5
      Orc:1 |    2451 |       0 |   0.0 |      23 |       0 |   0.0
      Orc:2 |    4713 |    5354 |  53.2 |      25 |      50 |  66.7
      Sewer |       0 |     460 | 100.0 |       0 |      23 | 100.0
    Volcano |       0 |    4229 | 100.0 |       0 |      17 | 100.0
            +---------+---------+-------+---------+---------+-------

Skill      XL: |  1  2  3  4  5  6  7  8  9 10 11 12 13 14 |
---------------+-------------------------------------------+-----
Shields        | 3 4 5 6 7 8 9 10 | 10.2
Unarmed Combat | 3 4 5 6 7 9 11 12 14 15 | 15.1
Dodging        | 3 4 5 6 7 8 9 |  9.4
Fighting       | 3 4 5 6 7 8 9 |  9.4
Shapeshifting  | 6 12 | 12.4

Action                     |  1- 3 |  4- 6 |  7- 9 | 10-12 | 13-15 || total
---------------------------+-------+-------+-------+-------+-------++-------
  Melee: Unarmed           |    93 |   187 |   376 |   466 |   870 ||  1992
         Kick              |       |       |     3 |       |       ||     3
  Throw: Javelin           |       |     2 |       |       |       ||     2
 Invoke: Serpent's Lash    |       |       |       |       |     2 ||     2
         Heavenly Storm    |       |       |       |       |     3 ||     3
Ability: Lunge             |       |       |     8 |    42 |    60 ||   110
         Whirlwind         |       |       |       |    55 |   140 ||   195
         Wall Jump         |       |       |       |       |     1 ||     1
  Evoke: Wand              |       |       |       |     8 |     4 ||    12
         Box of beasts     |       |       |       |     1 |     1 ||     2
    Use: Potion            |       |     1 |    10 |     5 |     6 ||    22
         Scroll            |       |       |     4 |     4 |    10 ||    18
   Stab: Sleeping          |     1 |       |       |     1 |       ||     2
         Paralysed         |       |       |       |     9 |     3 ||    12
 Armour: Robe              |    38 |    85 |   228 |   174 |   533 ||  1058
         Acid dragon scale |       |       |       |   108 |       ||   108
         Skin              |       |       |       |       |    51 ||    51
  Dodge: Dodged            |    31 |    57 |   153 |   149 |   384 ||   774
  Block: Kite shield       |    28 |    76 |   198 |   185 |   497 ||   984
   Form: Statue            |       |       |       |       |     1 ||     1

Illustrated notes

Table legend:
 A = Kills in this place as a percentage of kills in the entire game.
 B = Kills by you in this place as a percentage of kills by you in the entire game.
 C = Kills by friends in this place as a percentage of kills by friends in the entire game.
 D = Other kills in this place as a percentage of other kills in the entire game.
 E = Experience gained in this place as a percentage of experience gained in the entire game.
 F = Experience gained in this place divided by the number of levels of this place that you have seen.
                   A       B       C       D       E      F
               +-------+-------+-------+-------+-------+----------------------
         Total | 100.0 | 100.0 | 100.0 |   N/A | 100.0 | 4740.7
       Dungeon |  53.3 |  53.4 |   0.0 |   N/A |  28.6 | 2481.8
          Lair |  26.2 |  26.0 | 100.0 |   N/A |  54.9 | 11461.4
  Orcish Mines |  14.6 |  14.6 |   0.0 |   N/A |  12.0 | 6259.0
         Sewer |   3.4 |   3.4 |   0.0 |   N/A |   0.4 | 460.0
       Volcano |   2.5 |   2.5 |   0.0 |   N/A |   4.1 | 4229.0
               +-------+-------+-------+-------+-------+----------------------

Table legend: (Time is in decaauts)
 A = Elapsed time spent in this place.
 B = Non-inter-level travel time spent in this place.
 C = Inter-level travel time spent in this place.
 D = Time resting spent in this place.
 E = Time spent auto-exploring this place.
 F = Levels seen in this place.
 G = Mean time per level.
                   A        B        C        D        E       F      G
               +--------+--------+--------+--------+--------+-----+--------+
         Total |  17567 |  16708 |    859 |    158 |  12504 |  22 |  798.5 |
       Dungeon |   9615 |   9105 |    510 |     56 |   6720 |  12 |  801.2 |
        Temple |     37 |      2 |     35 |      0 |      0 |   1 |   37.0 |
          Lair |   5378 |   5083 |    295 |    102 |   3972 |   5 | 1075.6 |
  Orcish Mines |   1696 |   1679 |     17 |      0 |   1276 |   2 |  848.0 |
         Sewer |    314 |    314 |      0 |      0 |    160 |   1 |  314.0 |
       Volcano |    524 |    524 |      0 |      0 |    374 |   1 |  524.0 |
               +--------+--------+--------+--------+--------+-----+--------+

Top non-repeatable levels by time:
  Lair:2: 1393 daAuts
   Orc:2: 1257 daAuts
  Lair:5: 1171 daAuts
  Lair:1: 1135 daAuts
     D:3: 1076 daAuts
     D:5: 1036 daAuts
     D:4: 1025 daAuts
    D:11: 1016 daAuts
  Lair:4: 1005 daAuts
    D:10: 925 daAuts
     D:2: 820 daAuts
    D:12: 693 daAuts
     D:6: 692 daAuts
  Lair:3: 673 daAuts
     D:8: 632 daAuts
